 Dungeon Crawl Stone Soup version 0.27-a0-1378-gdefffd1ff6 (webtiles) character file.

Game seed: 1792386082480659379

8309 night the Thaumaturge (level 11, -2/76 HPs)
             Began as an Octopode Venom Mage on June 29, 2021.
             Was an Initiate of Gozag.
             Slain by a water moccasin (8 damage)
             ... on level 1 of the Lair of Beasts.
             The game lasted 00:33:59 (12727 turns).

night the Thaumaturge (Octopode Venom Mage)        Turns: 12727, Time: 00:33:59

Health: -2/76      AC:  5    Str:  7    XL:     11   Next: 28%
Magic:  18/25      EV: 20    Int: 24    God:    Gozag
Gold:   447        SH:  0    Dex: 13    Spells: 13/31 levels left

rFire    + . .     SeeInvis +   J - +0 dagger (elec)
rCold    x . .     Faith    .   (no shield)
rNeg     . . .     Spirit   .   u - +0 hat {Int+3}
rPois    .         Reflect  .   L - amulet of the acrobat
rElec    .         Harm     .   c - +4 ring of protection
rCorr    .         Rampage  .   p - ring of fire
Will     .....                  l - ring of flight
Stlth    +++.......             v - ring of see invisible
HPRegen  0.22/turn              B - +4 ring of evasion
MPRegen  0.19/turn              (no ring)
                                (no ring)
                                (no ring)

@: flying
A: almost no armour, amphibious, 8 rings, camouflage 1, gelatinous body 1,
(nimble swimmer 1), tentacles
a: Renounce Religion, Potion Petition, Call Merchant, Bribe Branch


You were on level 1 of the Lair of Beasts.
You worshipped Gozag.
Gozag was aware of your devotion.
You visited 4 branches of the dungeon, and saw 13 of its levels.

You collected 1685 gold pieces.
You spent 1125 gold pieces at shops.
You paid 113 gold pieces to Gozag.

Inventory:

Hand Weapons
 a - a +0 vorpal dagger
 b - a +0 hunting sling
 k - a +1 dagger of flaming
 m - a +0 mace of holy wrath
 o - a +0 dagger of draining
 q - a +2 dagger of speed
 J - a +0 dagger of electrocution (weapon)
Missiles
 f - 64 poisoned darts
 g - 52 sling bullets
 h - 259 stones
 y - 2 javelins
 F - 16 boomerangs of dispersal
 G - 17 boomerangs
 H - 4 curare-tipped darts
Armour
 u - a +0 hat of intelligence (worn)
Jewellery
 c - a +4 ring of protection (left tentacle)
 l - a ring of flight (on tentacle)
 p - a ring of fire (right tentacle)
 v - a ring of see invisible (on tentacle)
 B - a +4 ring of evasion (on tentacle)
 L - an amulet of the acrobat (around mantle)
Wands
 i - a wand of iceblast (14)
 j - a wand of paralysis (7)
 x - a wand of polymorph (23)
 E - a wand of digging (12)
Scrolls
 D - a scroll of identify
 I - a scroll of vulnerability {unknown}
 K - a scroll of amnesia
Potions
 d - 2 potions of ambrosia
 e - 2 potions of heal wounds
 n - a potion of might
 r - a potion of haste
 s - a potion of attraction {unknown}
 t - a potion of lignification
 w - 4 potions of brilliance
 z - a potion of degeneration {unknown}
 A - 2 potions of cancellation
 C - a potion of curing {unknown}


   Skills:
 + Level 7.7 Fighting
 - Level 7.0 Dodging
 - Level 2.6 Stealth
 + Level 10.6 Spellcasting
 - Level 1.0 Transmutations
 - Level 10.0 Poison Magic


You had 13 spell levels left.
You knew the following spells:

 Your Spells              Type           Power      Damage    Failure   Level
a - Sting                 Tmut/Pois      100%       1d8       1%          1
b - Poisonous Vapours     Pois/Air       72%        N/A       1%          2
c - Ignite Poison         Fire/Tmut/Pois 45%        N/A       3%          3
d - Olgreb's Toxic Radia  Pois           57%        N/A       1%          4
e - Mephitic Cloud        Conj/Pois/Air  28%        N/A       3%          3
f - Alistair's Intoxicat  Tmut/Pois      26%        N/A       14%         5

Your spell library contained the following spells:

 Spells                   Type           Power      Damage    Failure   Level
 Animate Skeleton         Necr           24%        N/A       4%          1
 Apportation              Tloc           24%        N/A       4%          1
 Corona                   Hex            13%        N/A       4%          1
 Summon Small Mammal      Summ           48%        N/A       4%          1
 Slow                     Hex            12%        N/A       8%          2
 Sublimation of Blood     Necr           6%         N/A       8%          2
 Inner Flame              Hex/Fire       19%        N/A       14%         3
 Portal Projectile        Hex/Tloc       24%        N/A       14%         3
 Petrify                  Tmut/Erth      15%        N/A       36%         4
 Cause Fear               Hex            6%         N/A       43%         4
 Leda's Liquefaction      Hex/Erth       6%         N/A       43%         4
 Eringya's Noxious Bog    Tmut/Pois      19%        N/A       61%         6
 Irradiate                Conj/Tmut      7%         3d15      73%         5


Dungeon Overview and Level Annotations

Branches:
Dungeon (10/15)            Temple (1/1) D:7            Lair (1/6) D:9
    Orc (1/2) D:9

Altars:
Ashenzari
Cheibriados
Dithmenos
Elyvilon
Fedhas
Gozag
Hepliaklqana
Kikubaaqudgha
Makhleb
Nemelex Xobeh
Okawaru
Qazlal
Ru
Sif Muna
Trog
Uskayaw
Vehumet
Wu Jian
Xom
Yredelemnul
Zin
The Shining One

Shops:
D:8 *


Innate Abilities, Weirdness & Mutations

You cannot wear most types of armour.
You are amphibious.
You can wear up to eight rings at the same time.
Your skin changes colour to match your surroundings (Stealth+).
Your rubbery body absorbs attacks. (AC +1, EV +1)
((You are camouflaged near water. (Stealth+)))
You have tentacles for arms and can constrict up to eight enemies at once.


Message History

You feel very sick.
You kill the cane toad!
You start resting.
You feel sick. x8
You are no longer poisoned.
A water moccasin comes into view.
You start resting.
A water moccasin is nearby!
You hit the water moccasin but do no damage.
Lightning courses through the water moccasin!!
Your grab misses the water moccasin.
The water moccasin is severely wounded.
The water moccasin misses you. The water moccasin bites you.
* * * LOW HITPOINT WARNING * * *
You barely miss the water moccasin. Your grab misses the water moccasin.
The water moccasin is severely wounded.
The water moccasin misses you.
You closely miss the water moccasin. Your grab misses the water moccasin.
The water moccasin is severely wounded.
The water moccasin bites you.
* * * LOW HITPOINT WARNING * * *
Casting: Sting (safe; 1% risk of failure)
Confirm with . or Enter, or press ? or * to list all spells.
Aiming: Sting (safe; 1% risk of failure)
Press: ? - help, Shift-Dir - straight line, f - water moccasin
Aim: a water moccasin (severely wounded, 63% to hit)
The sting hits the water moccasin.
The water moccasin partially resists.
The water moccasin is severely wounded.
The water moccasin barely misses you.
The water moccasin completely misses you.
Casting: Sting (safe; 1% risk of failure)
Confirm with . or Enter, or press ? or * to list all spells.
Aiming: Sting (safe; 1% risk of failure)
Press: ? - help, Shift-Dir - straight line, f/p - water moccasin
Aim: a water moccasin (severely wounded, 63% to hit)
The sting hits the water moccasin but does no damage.
The water moccasin is poisoned.
The water moccasin is severely wounded.
The water moccasin bites you!
You die...
Your body crumbles into a pile of gold.

..#####.# ....>.#.#
#.P<#####
#.P..##.#######
#..............
#...####.###..P.# ##..
#P.P# ..# .... #..##
###.### #.#.# ##.##
#@....#
.P.....##...###S....##
...##..P...............
##....#....$....###
#.##...#.......# ...
##.######..## .## #.
.## #. .P .. ...


You could see a water moccasin (poisoned).

Vanquished Creatures
  Maurice (D:8)
  A cane toad (Lair:1)
  A komodo dragon (D:9)
  A troll (D:9)
  Prince Ribbit (D:9)
  Sigmund (D:2)
  9 yaks (D:9)
  2 wargs (Orc:1)
  2 water moccasins
  A sky beast (D:7)
  5 orc warriors
  A black bear (D:4)
  3 wolves (Orc:1)
  12 ogres
  2 centaurs
  A phantom (D:6)
  Blork the orc (D:6)
  4 kobold brigands
  A gnoll sergeant (D:9)
  2 scorpions
  A jelly (D:6)
  18 killer bees
  8 wights
  A howler monkey (D:8)
  A bullfrog zombie (D:6)
  5 centaur zombies
  Crazy Yiuf (D:2)
  6 orc priests
  2 bullfrog skeletons
  4 iguanas
  Ijyb (D:3)
  12 orc wizards
  A killer bee zombie (D:7)
  A hound skeleton (D:4)
  10 adders
  12 gnolls
  A howler monkey skeleton (D:7)
  A shadow imp (D:7)
  A white imp (D:7)
  An adder skeleton (D:4)
  A worm (D:5)
  3 dart slugs
  47 orcs
  6 bats
  4 endoplasms
  3 giant cockroaches
  7 goblins
  6 hobgoblins
  8 jackals (D:1)
  20 kobolds
  2 quokkas
  5 ball pythons
  6 frilled lizards
  A jackal skeleton (D:4)
  6 rats
265 creatures vanquished.

Vanquished Creatures (others)
  7 plants
7 creatures vanquished.

Grand Total: 272 creatures vanquished

Notes
Turn   | Place    | Note
-------+----------+-------------------------------------------
     0 | D:1      | night the Octopode Venom Mage began the quest for the Orb.
     0 | D:1      | Reached XP level 1. HP: 11/11 MP: 3/3
   173 | D:1      | Reached XP level 2. HP: 6/17 MP: 1/5
   911 | D:1      | Reached XP level 3. HP: 21/21 MP: 4/6
   915 | D:1      | Learned a level 3 spell: Mephitic Cloud
   919 | D:1      | Learned a level 3 spell: Ignite Poison
  1351 | D:2      | Noticed Sigmund
  1362 | D:2      | Killed Sigmund
  1363 | D:2      | Reached skill level 5 in Poison Magic
  1363 | D:2      | Reached XP level 4. HP: 25/27 MP: 1/10
  1363 | D:2      | Reached XP level 5. HP: 29/31 MP: 1/11
  1370 | D:2      | Learned a level 4 spell: Olgreb's Toxic Radiance
  1508 | D:2      | Reached XP level 6. HP: 23/36 MP: 6/12
  1807 | D:2      | Learned a level 2 spell: Poisonous Vapours
  1891 | D:2      | Found a faded altar of an unknown god.
  1898 | D:2      | Found a bloodstained altar of Trog.
  2177 | D:2      | Found a runed translucent door.
  2178 | D:2      | Noticed Crazy Yiuf
  2189 | D:2      | Killed Crazy Yiuf
  2717 | D:3      | Noticed Ijyb
  2721 | D:3      | Killed Ijyb
  3028 | D:3      | Reached XP level 7. HP: 41/41 MP: 4/14
  3475 | D:3      | Reached skill level 5 in Spellcasting
  4406 | D:4      | Reached XP level 8. HP: 46/46 MP: 10/16
  5071 | D:4      | Identified a scroll of acquirement
  5438 | D:5      | Entered Level 5 of the Dungeon
  6527 | D:6      | Reached skill level 10 in Poison Magic
  6527 | D:6      | Reached XP level 9. HP: 14/51 MP: 5/20
  7148 | D:6      | Found a glowing golden altar of the Shining One.
  7220 | D:6      | Noticed Blork the orc
  7225 | D:6      | Killed Blork the orc
  7226 | D:6      | Reached skill level 1 in Fighting
  7867 | D:7      | Reached skill level 2 in Fighting
  8443 | D:7      | Found a staircase to the Ecumenical Temple.
  8455 | Temple   | Entered the Ecumenical Temple
  8610 | Temple   | Became a worshipper of Gozag Ym Sagoz the Greedy
  8632 | D:7      | Acquired a +0 hat of intelligence
  8963 | D:8      | Noticed Maurice
  8967 | D:8      | Reached skill level 5 in Dodging
  8967 | D:8      | Reached XP level 10. HP: 65/65 MP: 14/23
  8968 | D:8      | Killed Maurice
  9393 | D:8      | Found Cevig's Changing Room.
  9400 | D:8      | Reached skill level 5 in Fighting
 10051 | D:9      | Found a shimmering blue altar of Sif Muna.
 10053 | D:9      | Found a stormy altar of Qazlal.
 10067 | D:9      | Found a burning altar of Makhleb.
 10068 | D:9      | Found an ornate altar of the Wu Jian Council.
 10069 | D:9      | Found a glowing silver altar of Zin.
 10608 | D:9      | Found a staircase to the Orcish Mines.
 10690 | D:9      | Noticed Prince Ribbit
 10695 | D:9      | Killed Prince Ribbit
 11034 | D:9      | Found a staircase to the Lair.
 11226 | D:9      | Reached skill level 10 in Spellcasting
 11415 | D:9      | Reached XP level 11. HP: 74/74 MP: 17/25
 11751 | Orc:1    | Entered Level 1 of the Orcish Mines
 12052 | Orc:1    | HP: 11/75 [wolf (8)]
 12055 | Orc:1    | HP: 1/75 [wolf (5)]
 12408 | Orc:1    | Noticed a cyclops
 12408 | Orc:1    | Noticed a cyclops
 12408 | Orc:1    | Noticed a cyclops
 12408 | Orc:1    | Noticed a cyclops
 12408 | Orc:1    | Noticed a cyclops
 12475 | D:10     | Entered Level 10 of the Dungeon
 12534 | D:8      | Bought a book of Alchemy for 1125 gold pieces
 12540 | D:8      | Learned a level 5 spell: Alistair's Intoxication
 12666 | Lair:1   | Entered Level 1 of the Lair of Beasts
 12700 | Lair:1   | HP: 11/76 [poisoned by a cane toad]
 12723 | Lair:1   | HP: 11/76 [water moccasin (3)]
 12727 | Lair:1   | Slain by a water moccasin

Illustrated notes

Levels and vault maps discovered:
D:1:      nagdon_arrival_zigzag_paths, layout_rooms
D:2:      minmay_wonky_spiral, layout_basic, basic_altar,
          basic_ecumenical_altar, uniq_crazy_yiuf_cottage, uniq_sigmund
D:3:      layout_loops_ring, uniq_ijyb
D:4:      layout_layer_cave, minmay_misc_feat_doors, hangedman_decor_growths,
          nrook_loot_triangle
D:5:      layout_loops_ring
D:6:      layout_basic, amcnicky_altar_gilded, uniq_blork_the_orc
D:7:      layout_loops_cross, minmay_temple_entry_stoned_glass, chequers_avenue,
          minmay_unpleasant_kobolds
D:8:      layout_rooms, nicolae_transmutations_shop,
          hangedman_abyss_or_decor_lesser_grid, uniq_maurice
D:9:      layout_basic, grunt_temple_overflow_open, david_lair_shrubbed,
          hiddenorc1_lemuel, kennysheep_cross_room, uniq_prince_ribbit1
D:10:     layout_gridville, uniq_sonja
Temple:   eino_temple_scatter_basement
Lair:1:   layout_loops_ring, grunt_forest_large_clearings, grunt_megastairs_1,
          uniq_fannar
Orc:1:    giant_chief_lemuel, layout_caves, serial_shops, nicolae_shop_crystal

Skill      XL: |  1  2  3  4  5  6  7  8  9 10 11 |
---------------+----------------------------------+-----
Poison Magic   | 4 5 6 7 8 10 | 10.0
Spellcasting   | 4 5 7 9 10 | 10.6
Fighting       | 4 6 7 |  7.7
Dodging        | 5 7 |  7.0
Stealth        | |  2.6
Transmutations | |  1.0

Action                   |  1- 3 |  4- 6 |  7- 9 | 10-12 || total
-------------------------+-------+-------+-------+-------++-------
Melee: Unarmed           |     5 |       |       |       ||     5
       Constrict         |     4 |     9 |    19 |    18 ||    50
       Tentacles         |     3 |     5 |    20 |    18 ||    46
       Dagger            |     9 |    19 |    76 |    59 ||   163
       Mace              |       |    10 |    32 |    61 ||   103
 Fire: Hunting sling     |    22 |       |       |     3 ||    25
 Cast: Sting             |    32 |    14 |    26 |    24 ||    96
       Mephitic Cloud    |     1 |     3 |     5 |     5 ||    14
       Poisonous Vapours |       |    19 |    49 |    12 ||    80
       Ignite Poison     |       |     2 |    34 |    22 ||    58
       Olgreb's Toxic Ra |       |     2 |    17 |    19 ||    38
Evoke: Wand              |       |       |       |     3 ||     3
  Use: Scroll            |       |     4 |    10 |     3 ||    17
 Stab: Confused          |     1 |       |       |       ||     1
       Sleeping          |       |     1 |     3 |     3 ||     7
       Distracted        |       |       |       |     1 ||     1
Armor: Skin              |     7 |     6 |    15 |    30 ||    58
Dodge: Dodged            |    19 |    29 |    83 |   199 ||   330

Table legend: (Time is in decaauts)
 A = Elapsed time spent in this place.
 B = Non-inter-level travel time spent in this place.
 C = Inter-level travel time spent in this place.
 D = Time resting spent in this place.
 E = Time spent auto-exploring this place.
 F = Levels seen in this place.
 G = Mean time per level.
                   A        B        C        D        E       F      G
               +--------+--------+--------+--------+--------+-----+--------+
         Total |  12738 |  12057 |    681 |   1918 |   8163 |  13 |  979.8 |
       Dungeon |  11813 |  11195 |    618 |   1460 |   7940 |  10 | 1181.3 |
        Temple |    175 |    131 |     44 |      0 |    130 |   1 |  175.0 |
          Lair |     60 |     60 |      0 |     26 |     12 |   1 |   60.0 |
  Orcish Mines |    689 |    670 |     19 |    432 |     81 |   1 |  689.0 |
               +--------+--------+--------+--------+--------+-----+--------+

Top non-repeatable levels by time:
     D:9: 1780 daAuts
     D:4: 1692 daAuts
     D:1: 1332 daAuts
     D:6: 1329 daAuts
     D:7: 1260 daAuts
     D:2: 1242 daAuts
     D:3: 1168 daAuts
     D:5: 1004 daAuts
     D:8: 999 daAuts
   Orc:1: 689 daAuts
  Temple: 175 daAuts
  Lair:1: 60 daAuts
    D:10: 1 daAuts
